 Dungeon Sprint DCSS version 0.30-a0-272-gf98c3da03f (webtiles) character file.

Game seed: 17182276474852630603

51 rocky1 the Slasher (level 3, -10/27 HPs)
             Began as a Merfolk Warper on Oct 16, 2022.
             Mangled by a water elemental (11 damage)
             ... in the Dungeon (Sprint III: "The Ten Rune Challenge").
             The game lasted 00:01:36 (612 turns).

rocky1 the Slasher (Merfolk Warper)                  Turns: 612, Time: 00:01:36

Health: -10/27     AC:  4    Str: 11    XL:     3   Next: 83%
Magic:  8/8        EV: 12    Int: 12    God:
Gold:   29         SH:  0    Dex: 15    Spells: 9/9 levels left

rFire   . . .      SeeInvis .    a - +0 falchion
rCold   . . .      Faith    .    (no shield)
rNeg    . . .      Spirit   .    b - +1 leather armour
rPois   .          Reflect  .    (no helmet)
rElec   .          Harm     .    (no cloak)
rCorr   .          Rampage  .    (no gloves)
Will    .....      NoTele   +    (no boots)
Stlth   +.........               (no amulet)
HPRegen 0.24/turn                (no ring)
MPRegen 0.11/turn                (no ring)

@: engulfed
A: (nimble swimmer 2), mertail
a: no special abilities


You were in the Dungeon.
You visited 1 branch You collected 29 gold pieces.

Inventory:

Hand Weapons
 a - a +0 falchion (weapon)
Missiles
 d - 6 boomerangs of dispersal (quivered)
Armour
 b - a +1 leather armour (worn)
Scrolls
 c - 2 scrolls of blinking
 k - a scroll of immolation {unknown}
 l - 3 scrolls of enchant armour
 n - 2 scrolls of torment
Potions
 e - a potion of curing
 g - a potion of haste
 h - 3 potions of magic
 i - a potion of berserk rage
 j - 3 potions of mutation {unknown}
 m - a potion of lignification {unknown}
 o - 2 potions of flight


   Skills:
 - Level 2.1 Fighting
 * Level 6.5 Long Blades
 - Level 1.0 Throwing
 - Level 0.6 Armour
 - Level 2.6 Dodging
 + Level 3.7 Spellcasting
 + Level 3.8 Translocations


You had 9 spell levels left.
You didn't know any spells.
Your spell library contained the following spells:

 Spells                   Type           Power      Damage    Failure   Level
 Blink                    Tloc           22%        N/A       10%         2
 Lesser Beckoning         Tloc           22%        N/A       19%         3
 Teleport Other           Tloc           11%        N/A       19%         3
 Vhi's Electric Charge    Tloc/Air       12%        N/A       38%         3
 Manifold Assault         Tloc           11%        N/A       52%         4


Dungeon Overview and Level Annotations

Branches:
Dungeon (1/1)

Altars:


Innate Abilities, Weirdness & Mutations

((You are very nimble when in or above water. (Stealth+, EV+, Speed+++)))
Your lower body shifts to a powerful aquatic tail in water.


Message History

You hit the water elemental.
The water elemental is lightly damaged.
The water elemental hits you!!
Ouch! That really hurt!
* * * LOW HITPOINT WARNING * * *
You hit the water elemental but do no damage.
You punch the water elemental.
The water elemental is lightly damaged.
The water elemental hits you.
* * * LOW HITPOINT WARNING * * *
The water elemental engulfs you in water!
You hit the water elemental.
The water elemental is moderately damaged.
The water elemental closely misses you.
You feel much better.
The water elemental completely misses you.
You closely miss the water elemental.
The water elemental is moderately damaged.
The water elemental hits you.
You hit the water elemental.
The water elemental is moderately damaged.
The water elemental misses you.
You hit the water elemental.
The water elemental is heavily damaged.
The water elemental hits you!
You hit the water elemental.
The water elemental is heavily damaged.
The water elemental barely misses you.
You closely miss the water elemental.
The water elemental is heavily damaged.
The water elemental completely misses you.
You hit the water elemental.
The water elemental is heavily damaged.
The water elemental hits you!
Ouch! That really hurt!
* * * LOW HITPOINT WARNING * * *
You hit the water elemental but do no damage.
The water elemental is heavily damaged.
The water elemental hits you!
You die...

▓▓▓▓▓▓ ▓▓▓ .#...####
##.# .#......#####..#
##.......#..#..#
.##.##...#..#..###+#+###
.##.###..##'#..#........
####.##..###...'@E......
##..##..####...#...#####
....##..###....#.⌠.#
#..##.).##.....#...#
..##....#......#+###
.###..##.#.....# . #..
####....# ▓ ▓▓▓ ▓▓▓▓▓▓


You could see a water elemental.

Vanquished Creatures
  Jessica (D)
  A human (D)
  A phantom (D)
  An endoplasm (D)
  2 rats (D)
6 creatures vanquished.

Vanquished Creatures (others)
  A plant (D)
1 creature vanquished.

Grand Total: 7 creatures vanquished

Notes
Turn   | Place    | Note
-------+----------+-------------------------------------------
     0 | D        | rocky1 the Merfolk Warper began the quest for the Orb.
     0 | D        | Reached XP level 1. HP: 16/16 MP: 3/3
    17 | D        | Reached skill level 3 in Long Blades
    33 | D        | Noticed Jessica
    42 | D        | Killed Jessica
    43 | D        | Reached skill level 5 in Long Blades
    43 | D        | Reached XP level 2. HP: 12/22 MP: 4/6
    43 | D        | Reached XP level 3. HP: 14/27 MP: 4/7
   161 | D        | Reached skill level 6 in Long Blades
   598 | D        | Noticed a water elemental
   611 | D        | HP: 1/27 [water elemental (14)]
   612 | D        | Mangled by a water elemental

Illustrated notes

Levels and vault maps discovered:
D:        dungeon_sprint_mu [sprint_mu_entry_cave, sprint_mu_temple_rooms,
          sprint_mu_d1_horrors, sprint_mu_d2_genie, sprint_mu_d3_branching,
          sprint_mu_orc_legion, sprint_mu_elf_gauntlet, sprint_mu_hive_nellie,
          sprint_mu_lair_fedhas, sprint_mu_vaults_butterflies,
          sprint_mu_slime_circle, sprint_mu_swamp_cave, sprint_mu_snake_twists,
          sprint_mu_blade_basic, sprint_mu_crypt_chambers,
          sprint_mu_tomb_spiral, sprint_mu_vestibule_basic,
          sprint_mu_gehenna_hellfire, sprint_mu_dis_giant,
          sprint_mu_tartarus_statrot, sprint_mu_cocytus_islands, sprint_mu_zot1]

Skill      XL: |  1  2  3 |
---------------+----------+-----
Long Blades    | 5 6 |  6.5
Spellcasting   | 3 |  3.7
Translocations | 3 |  3.8
Fighting       | |  2.1
Throwing       | |  1.0
Armour         | |  0.6
Dodging        | |  2.6

Action                   || total
-------------------------++-------
Melee: Falchion          ||    60
       Punch             ||     1
Throw: Boomerang         ||     1
  Use: Scroll            ||     2
       Potion            ||     1
Armor: Leather armour    ||     9
Dodge: Dodged            ||    34

Table legend: (Time is in decaauts)
 A = Elapsed time spent in this place.
 B = Non-inter-level travel time spent in this place.
 C = Inter-level travel time spent in this place.
 D = Time resting spent in this place.
 E = Time spent auto-exploring this place.
 F = Levels seen in this place.
 G = Mean time per level.
                   A        B        C        D        E       F      G
               +--------+--------+--------+--------+--------+-----+--------+
         Total |    614 |    614 |      0 |    454 |      0 |   1 |  614.0 |
       Dungeon |    614 |    614 |      0 |    454 |      0 |   1 |  614.0 |
               +--------+--------+--------+--------+--------+-----+--------+

Top non-repeatable levels by time:
       D: 614 daAuts
